 Dungeon Crawl Stone Soup version 0.31.0-12-g77e489cdc1 (webtiles) character file.

Game seed: 8721340443074198895

2865 Gadfly the Covert (level 9, -2/45 HPs)
             Began as a Spriggan Enchanter on Feb 17, 2024.
             Was an Initiate of Gozag.
             Slain by a gnoll sergeant
             ... wielding a +0 glaive
              (15 damage)
             ... in a bailey.
             The game lasted 00:12:27 (7297 turns).

Gadfly the Covert (Spriggan Enchanter)              Turns: 7297, Time: 00:12:29

Health: -2/45      AC:  2    Str:  3 (4)  XL:     9   Next: 47%
Magic:  8/19       EV: 21    Int: 17 (18) God:    Gozag
Gold:   231        SH:  0    Dex: 17 (18) Spells: 16/21 levels left

rFire   . . .        a - +3 dagger (elec)
rCold   . . .        (no shield)
rNeg    + . .        s - +0 robe {rN+}
rPois   .            (helmet restricted)
rElec   .            (no cloak)
rCorr   .            (gloves unavailable)
SInv    +            (boots unavailable)
Will    +....        (no amulet)
Stlth   ++++         h - ring of wizardry
HPRegen 0.27/turn    (no ring)
MPRegen 0.16/turn

%: wizardry (x1)
@: weakened, gold aura, very slightly contaminated, very quick
A: very small, no large weapons, unfitting armour, see invisible, speed 3
a: Renounce Religion, Potion Petition, Call Merchant, Bribe Branch


You were in a bailey.
You worshipped Gozag.
Gozag was aware of your devotion.
You visited 2 branches of the dungeon, and saw 8 of its levels.
You also visited: Sewer and Bailey.

You collected 296 gold pieces.
You paid 65 gold pieces to Gozag.

Inventory:

Hand Weapons
 a - a +3 dagger of electrocution (weapon)
 b - a +0 dagger of flaming
 i - a +1 dagger
Missiles
 p - 3 throwing nets
Armour
 e - the +0 robe of Roplozot {rC+ MP+9 Str+3 Int-5}
   (You took it off a kobold on level 3 of the Dungeon)

   Str+3:     It affects your strength (+3).
   Int-5:     It affects your intelligence (-5).
   rC+:       It protects you from cold.
   MP+9:      It affects your magic capacity (+9).
 s - a +0 robe of positive energy (worn)
Jewellery
 h - a ring of wizardry (left hand)
Wands
 n - a wand of flame (43)
 u - a wand of polymorph (5)
 B - a wand of roots (10)
 C - a wand of paralysis (8)
Scrolls
 l - a scroll of noise {unknown}
 q - a scroll of acquirement {unknown}
 r - a scroll of enchant weapon
 v - a scroll of blinking
 w - 2 scrolls of identify
Potions
 c - 3 potions of invisibility
 d - 3 potions of ambrosia
 f - 3 potions of curing
 g - a potion of resistance
 j - a potion of heal wounds
 k - a potion of brilliance
 m - a potion of enlightenment
 o - a potion of mutation {unknown}
 t - 3 potions of lignification
 z - 2 potions of magic
 A - a potion of haste {unknown}
 D - a potion of berserk rage {unknown}
Miscellaneous
 x - a tin of tremorstones (2/2)


   Skills:
 + Level 4.0 Fighting
 + Level 5.6 Short Blades
 + Level 6.8 Dodging
 + Level 8.9 Stealth
 + Level 6.5 Spellcasting
 + Level 6.8 Hexes
 + Level 6.1 Evocations


You had 16 spell levels left.
You knew the following spells:

 Your Spells              Type           Power      Damage    Failure   Level
a - Ensorcelled Hibernat  Hex/Ice        34%        N/A       1%          2
b - Confusing Touch       Hex            28%        N/A       1%          3

Your spell library contained the following spells:

 Spells                   Type           Power      Damage    Failure   Level
 Tukima's Dance           Hex            28%        N/A       1%          3
 Dazzling Flash           Conj/Hex       34%        N/A       3%          3
 Inner Flame              Hex/Fire       17%        N/A       3%          3
 Dimensional Bullseye     Hex/Tloc       8%         N/A       12%         4
 Gell's Gravitas          Tloc           5%         N/A       16%         3
 Teleport Other           Tloc           5%         N/A       16%         3
 Iskenderun's Mystic Bla  Conj/Tloc      5%         2d3       43%         4
 Irradiate                Conj/Alch      2%         3d12      77%         5
 Dispersal                Tloc           2%         N/A       99%         6
 Ignition                 Fire           2%         3d3       100%        8


Dungeon Overview and Level Annotations

Branches:
Dungeon (7/15)             Temple (1/1) D:7           Sewer (visited)
 Bailey (1/1)

Altars:
Ashenzari
Cheibriados
Dithmenos
Elyvilon
Fedhas
Gozag
Hepliaklqana
Kikubaaqudgha
Okawaru
Qazlal
Ru
Trog
Uskayaw
Vehumet
Wu Jian
Xom
Yredelemnul


Innate Abilities, Weirdness & Mutations

You are very small and have problems with some larger weapons.
You are too small for most types of armour.
You have supernaturally acute eyesight. (SInv)
You cover ground extremely quickly. (Speed+++)


Message History

The gnoll sergeant completely misses you.
The gnoll sergeant resists with some effort.
The gnoll misses you.
The gnoll is distracted by your dazzling golden aura.
The gnoll bouda closely misses you.
The gnoll sergeant completely misses you. x2
You barely miss the gnoll sergeant.
The gnoll shouts!
The gnoll misses you. The gnoll sergeant barely misses you.
The gnoll bouda hits you from afar with a +0 trident.
You are too injured to fight recklessly!
Unknown command.
You are too injured to fight recklessly!
Casting: Ensorcelled Hibernation (safe; 1% risk of failure)
Confirm with . or Enter, or press ? or * to list all spells.
Aiming: Ensorcelled Hibernation (safe; 1% risk of failure)
Press: ? - help, Shift-Dir - straight line, f/p - gnoll sergeant
Aim: a gnoll sergeant, wielding a +0 halberd and wearing a +0 plate armour (covering ground quickly, chance to affect: 50%)
The gnoll sergeant looks drowsy...
The gnoll closely misses you.
The gnoll sergeant completely misses you.
The gnoll bouda is distracted by your dazzling golden aura.
The helpless gnoll sergeant fails to defend itself.
You impale the gnoll sergeant!!
You kill the gnoll sergeant!
The gnoll hits you from afar with a +0 spear.
* * * LOW HITPOINT WARNING * * *
Casting: Ensorcelled Hibernation (safe; 1% risk of failure)
Confirm with . or Enter, or press ? or * to list all spells.
Aiming: Ensorcelled Hibernation (safe; 1% risk of failure)
Press: ? - help, Shift-Dir - straight line, f - gnoll sergeant
Aim: a gnoll sergeant, wielding a +0 glaive and wearing a +0 chain mail (covering ground quickly, chance to affect: 50%)
You miscast Ensorcelled Hibernation.
You are very lightly contaminated with residual magic.
Nothing appears to happen.
The gnoll bouda shouts!
The gnoll is no longer distracted by gold.
The gnoll barely misses you.
The gnoll sergeant hits you with a +0 glaive!
You die...
Your body crumbles into a pile of gold.

♣♣≈≈.. ♣.≈..# ♣♣.≈..#
♣..≈..# ♣..≈..# #####
♣♣..≈..# ##...##
♣♣...≈).######..g..##
♣♣.......'...#..$$g..#
..∩....).'...'..@8...+
♣♣.......'...#..$gg..#
♣♣...≈..######(....##
♣...≈..# ##...##
♣...≈..# #####
♣♣..≈..# ♣♣.≈..#
♣.≈..#


You could see a gnoll sergeant (swift), a gnoll bouda and 2 gnolls.

Vanquished Creatures
  Grinder (D:4)
  Eustachio (D:5)
  Edmund (D:4)
  Menkaure (D:6)
  A black bear (D:5)
  2 sky beasts
  Duvessa (D:4)
  2 ogres
  A centaur (D:6)
  2 kobold brigands (Sewer)
  Blork the orc (D:6)
  2 bullfrogs
  A gnoll sergeant (Bailey)
  3 scorpions
  Dowan (D:4)
  5 killer bees (D:7)
  A howler monkey (D:5)
  2 bombardier beetles
  A quasit (Sewer)
  2 jellies
  An orc priest (D:5)
  A gnoll bouda (D:4)
  3 hounds
  Ijyb (D:5)
  4 iguanas
  3 orc wizards
  11 gnolls
  5 adders
  A shadow imp (Sewer)
  2 white imps
  3 ufetubi (Sewer)
  A dart slug (D:5)
  2 ribbon worms
  13 orcs
  12 ball pythons
  8 bats
  2 bat zombies (Sewer)
  8 endoplasms
  5 giant cockroaches
  7 goblins
  7 hobgoblins
  2 quokkas
  4 frilled lizards
  20 kobolds
  10 rats
168 creatures vanquished.

Notes
Turn   | Place    | Note
-------+----------+-------------------------------------------
     0 | D:1      | Gadfly the Spriggan Enchanter began the quest for the Orb.
     0 | D:1      | Reached XP level 1. HP: 9/9 MP: 5/5
    70 | D:1      | Reached XP level 2. HP: 14/14 MP: 6/6
    78 | D:1      | Learned a level 2 spell: Ensorcelled Hibernation
   654 | D:2      | Reached skill level 1 in Fighting
   654 | D:2      | Reached XP level 3. HP: 18/18 MP: 8/8
   658 | D:2      | Learned a level 3 spell: Confusing Touch
  1088 | D:2      | Identified the +0 scale mail of Reason {+Blink}
  1306 | D:2      | Reached skill level 1 in Evocations
  1764 | D:3      | Identified the +0 robe of Roplozot {rC+ MP+9 Str+3 Int-5}
  1937 | D:3      | Reached XP level 4. HP: 22/22 MP: 9/9
  1962 | D:3      | Reached skill level 5 in Stealth
  2330 | D:4      | Reached XP level 5. HP: 14/25 MP: 6/11
  2685 | D:4      | Noticed Duvessa
  2692 | D:4      | Killed Duvessa
  2693 | D:4      | Reached XP level 6. HP: 21/30 MP: 9/13
  2693 | D:4      | Noticed Dowan
  2694 | D:4      | Noticed Grinder
  2698 | D:4      | Killed Dowan
  2841 | D:4      | Reached skill level 6 in Stealth
  2951 | D:4      | Paralysed by Grinder for 2 turns
  2961 | D:4      | Killed Grinder
  2962 | D:4      | Reached skill level 5 in Hexes
  2962 | D:4      | Reached XP level 7. HP: 29/35 MP: 11/14
  2997 | D:4      | Noticed Edmund
  3016 | D:4      | Killed Edmund
  3595 | D:5      | Entered Level 5 of the Dungeon
  3595 | D:5      | Noticed Eustachio
  3598 | D:5      | Killed Eustachio
  3599 | D:5      | Reached skill level 5 in Dodging
  3663 | D:5      | Reached skill level 5 in Spellcasting
  3663 | D:5      | Reached XP level 8. HP: 39/39 MP: 16/16
  3720 | D:5      | Found a glowing drain.
  3725 | D:5      | Reached skill level 7 in Stealth
  3733 | Sewer    | Entered a sewer
  3859 | Sewer    | Found a burning altar of Makhleb.
  4322 | D:5      | Found a bloodstained altar of Trog.
  4787 | D:5      | Noticed Ijyb
  4791 | D:5      | Killed Ijyb
  5335 | D:6      | Reached skill level 5 in Evocations
  5416 | D:6      | Noticed Menkaure
  5583 | D:6      | Reached skill level 8 in Stealth
  5589 | D:6      | Killed Menkaure
  5590 | D:6      | Reached skill level 5 in Short Blades
  5711 | D:6      | Reached XP level 9. HP: 38/44 MP: 13/19
  5770 | D:6      | Found a shadowy altar of Dithmenos.
  6000 | D:6      | Found a sacrificial altar of Ru.
  6000 | D:6      | Found a blossoming altar of Fedhas.
  6002 | D:6      | Found a hide-covered altar of Uskayaw.
  6004 | D:6      | Found an iron altar of Okawaru.
  6005 | D:6      | Found a basalt altar of Yredelemnul.
  6085 | D:6      | Noticed Blork the orc
  6100 | D:6      | Killed Blork the orc
  6709 | D:7      | Found a staircase to the Ecumenical Temple.
  6723 | Temple   | Entered the Ecumenical Temple
  6750 | Temple   | Became a worshipper of Gozag Ym Sagoz the Greedy
  7092 | D:7      | Found a flagged portal.
  7202 | Bailey   | Entered a bailey
  7297 | Bailey   | Slain by a gnoll sergeant

Illustrated notes

Levels and vault maps discovered:
D:1:      eino_arrival_water_cross, layout_rooms, serial_curves, eino_curves_04,
          eino_curves_02
D:2:      layout_basic
D:3:      wad_pebble_path, layout_basic, minmay_misc_feat_doors
D:4:      layout_rooms, item_on_display_a, uniq_duvessa, uniq_grinder,
          uniq_edmund
D:5:      layout_basic, bloody_trog, portal_sewer_entry_a, uniq_eustachio,
          uniq_ijyb
D:6:      layout_cave_pools, mainiacjoe_overflow_cross_hatched,
          grunt_temple_overflow_open, serial_rivers,
          chequers_serial_rivers_large_a, chequers_serial_rivers_small_a,
          chequers_serial_rivers_small_a, chequers_serial_rivers_micro_c,
          chequers_serial_rivers_small_3, nicolae_figureground_pulse,
          uniq_blork_the_orc, uniq_menkaure
D:7:      layout_loops_corners, minmay_temple_entry_butterflies, enter_bailey_4,
          uniq_pikel
Temple:   compressed_dpeg_circular_temple
Bailey:   bailey_polearm_gnolls_kennysheep, bailey

Skill      XL: |  1  2  3  4  5  6  7  8  9 |
---------------+----------------------------+-----
Spellcasting   | 3 4 5 6 |  6.5
Dodging        | 3 4 5 6 |  6.8
Fighting       | 1 2 3 4 |  4.0
Evocations     | 1 2 3 4 5 6 |  6.1
Short Blades   | 2 3 4 5 |  5.6
Stealth        | 5 6 8 |  8.9
Hexes          | 4 5 6 |  6.8

Action                     |  1- 3 |  4- 6 |  7- 9 || total
---------------------------+-------+-------+-------++-------
  Melee: Dagger            |   126 |    73 |   205 ||   404
         Punch             |       |     4 |     5 ||     9
         Unarmed           |       |       |     8 ||     8
   Cast: Ensorcelled Hiber |    10 |    23 |    66 ||    99
         Confusing Touch   |       |     1 |     6 ||     7
    Use: Scroll            |     5 |       |     6 ||    11
         Potion            |       |       |     7 ||     7
   Stab: Sleeping          |    25 |    12 |    51 ||    88
         Confused          |       |     1 |     5 ||     6
 Armour: Robe              |    36 |    25 |    80 ||   141
         Skin              |       |       |     2 ||     2
  Dodge: Dodged            |    74 |    74 |   228 ||   376
